[Event "Late-Titled-Tuesday-Blitz-March-12-2024"]
[Site "Chess.com"]
[Date "2024.03.12"]
[Round "11"]
[White "djano"]
[Black "Lennis93"]
[Result "1-0"]
[WhiteElo "2610"]
[BlackElo "2699"]
[TimeControl "180+1"]
[EndTime "16:04:59 PDT"]
[Termination "djano won on time"]

1. e4 e6 2. d4 d5 3. Bd3 dxe4 4. Bxe4 Nf6 5. Bf3 c5 6. Ne2 Be7 7. O-O O-O 8. Nbc3 Nc6 9. Be3 cxd4 10. Nxd4 Ne5 11.
Ne4 Nd5 12. Qe2 Qc7 13. c3 b6 14. Bd2 Bb7 15. Rfe1 Rad8 16. Ng5 Nxf3+ 17. Ngxf3 Bc5 18.
Bg5 Rc8 19. Rad1 Rfe8 20. Bc1 Nf4 21. Bxf4 Qxf4 22. Qe5 Qxe5 23. Nxe5 Red8 24. Nb5 a6 25. Nd4 Bxd4 26. cxd4 Rc2 27. a3 Rxb2 28. Rc1 f6 29. Nd3 Rb3 30. Nf4 Bd5 31. Rc7 Rxa3 32. h4 Ra4 33.
Nh5 Rxd4 34. Rxg7+ Kh8 35. Ra7 Rf8 36. g3 a5 37. Rc1 Rc4 38. Rb1 Rc6 39. Nf4 Bf3 40. Kh2 e5 41. Nd3 Be4 42. Rb3 Bxd3 43. Rxd3 f5 44. Rdd7 Rh6 45. Re7 e4 46. Reb7 f4 47. Re7 e3 48. fxe3 fxg3+ 49. Kxg3 Rg8+ 50. Kh3 Rh5 51. e4 b5 52. Rxa5 Rc8 53. Kg4 Rh6 54.
Rxb5 Rg8+ 55. Rg5 Rxg5+ 56. hxg5 Ra6 57. Kf5 Kg8 58. e5 Rg6 59. Rd7 1-0

[Event "Late-Titled-Tuesday-Blitz-March-12-2024"]
[Site "Chess.com"]
[Date "2024.03.12"]
[Round "11"]
[White "Zhigalko_Sergei"]
[Black "Jagerrmeisterr"]
[Result "0-1"]
[WhiteElo "2851"]
[BlackElo "2754"]
[TimeControl "180+1"]
[EndTime "16:05:01 PDT"]
[Termination "Jagerrmeisterr won on time"]

1. e4 c6 2. d4 d5 3. e5 c5 4. Nf3 Nc6 5. dxc5 Bg4 6. c3 e6 7. Be3 a6 8. Nbd2 Nxe5 9. Be2 Nc6 10. O-O Nf6 11. b4 Be7 12. Nd4 Bxe2 13. Qxe2 O-O 14. f4 Nd7 15. N2b3 Qc7 16. Rae1 Nf6 17. Nd2 Rfe8 18.
Qd3 a5 19. a3 axb4 20. axb4 Ra2 21. Nxc6 Qxc6 22. Bd4 Bd8 23. b5 Qd7 24. Ra1 Rxa1 25. Rxa1 Bc7 26. Qg3 Nh5 27. Qg4 g6 28. g3 Qxb5 29.
Rb1 Qd3 30. Qd1 e5 31. fxe5 Bxe5 32. Nf3 Bxd4+ 33. cxd4 Qe3+ 34. Kg2 Nf6 35. Rb2 Ng4 36. Qd2 Qxd2+ 37. Rxd2 Ne3+ 38. Kf2 Nc4 39. Ra2 b6 40. c6 Rc8 41. Ra7 Rxc6 42. Rd7 b5 43. Rxd5 Rb6 44. Rc5 Nd6 45. Nd2 b4 46. Rc1 b3 47. Rb1 b2 48. Ke2 Rb4 49. Kd3 Nf5 50. Nf3 Rb3+ 51. Ke2 Re3+ 52. Kf2 Rb3 53. Ke2 Kg7 54.
g4 Nd6 55. Nd2 Rh3 56. Nf3 Nc4 57. Kf2 Rxf3+ 58. Ke2 Rh3 59. Rxb2 Nxb2 0-1

[Event "Late-Titled-Tuesday-Blitz-March-12-2024"]
[Site "Chess.com"]
[Date "2024.03.12"]
[Round "11"]
[White "TigrVShlyape"]
[Black "oskariot"]
[Result "1-0"]
[WhiteElo "2897"]
[BlackElo "2764"]
[TimeControl "180+1"]
[EndTime "16:05:02 PDT"]
[Termination "TigrVShlyape won on time"]

1. d4 Nf6 2. Bf4 g6 3. c3 Bg7 4. Nf3 d6 5. h3 O-O 6. e3 b6 7. Nbd2 Bb7 8. a4 Nbd7 9. a5 a6 10. axb6 cxb6 11. Be2 b5 12. O-O Nd5 13. Bh2 N7b6 14.
e4 Nf6 15. Bd3 Rc8 16. Re1 e6 17. Rc1 Na4 18. Rc2 Re8 19. Qa1 e5 20. b3 Nb6 21.
d5 Nh5 22. c4 Nd7 23. b4 Nf4 24. Bf1 bxc4 25. Rxc4 Nxd5 26. exd5 e4 27. Nd4 Rxc4 28. Nxc4 Bxd5 29. Nxd6 Qb6 30. Nxe8 Bxd4 31. Qd1 Bxf2+ 32. Kh1 Bxe1 33. Qxe1 e3 34. Nc7 Bb7 35. Bf4 g5 36. Qg3 h6 37. Bxe3 Qxb4 38. Kh2 Nf6 39. Bxg5 Nh5 40.
Qe5 hxg5 41. Qxg5+ Kf8 42. Qd8+ Kg7 43. Ne8+ Kh6 44.
Qd6+ Qxd6+ 45. Nxd6 Bd5 46. Bxa6 Kg7 47. Nf5+ Kf6 48.
Ne3 Be6 49. g3 Ng7 50. g4 Ne8 51. Kg3 Nd6 52. Kf4 Kg7 53. h4 Ne8 54. Ke5 Nf6 55. Be2 Nd7+ 56. Kd6 Nf6 57. Bf3 Nh7 58. g5 Ba2 59. Be4 1-0

[Event "Late-Titled-Tuesday-Blitz-March-12-2024"]
[Site "Chess.com"]
[Date "2024.03.12"]
[Round "11"]
[White "jcibarra"]
[Black "Sina_Movahed"]
[Result "1-0"]
[WhiteElo "2932"]
[BlackElo "3027"]
[TimeControl "180+1"]
[EndTime "16:05:04 PDT"]
[Termination "jcibarra won by resignation"]

1. e4 c5 2. Nf3 d6 3. d4 cxd4 4. Nxd4 Nf6 5. Nc3 g6 6. Be3 a6 7. f3 h5 8. Qd2 Nbd7 9. O-O-O b5 10. Bd3 Bb7 11. h3 h4 12. Kb1 Rc8 13. Rhe1 Bg7 14. Bg5 Qb6 15. Bf1 Nc5 16. Nd5 Bxd5 17. exd5 O-O 18.
Bh6 Rfe8 19. Bxg7 Kxg7 20. Qg5 Kg8 21. Nf5 Qd8 22. Nxh4 Kh7 23. Rd4 e5 24. Nf5 Nh5 25. Qh6+ Kg8 26. Rh4 Qa5 27. b4 Qa4 28. c3 Ne4 29.
Rhxe4 Rxc3 30. Qd2 Rec8 31. Ne7+ Kg7 32. Nxc8 Rxc8 33.
Bd3 Nf6 34. Rh4 Kf8 35. Rh8+ Ng8 36. Rxg8+ Kxg8 37. Rc1 Re8 38. h4 Qa3 39. h5 a5 40.
hxg6 axb4 41. gxf7+ Kxf7 42. Rh1 Rg8 43. Rh7+ Ke8 44. Bf5 b3 45. Qb2 bxa2+ 46. Qxa2 Qb4+ 47. Qb2 Qe1+ 48. Qc1 Qb4+ 49. Qb2 Qe1+ 50. Ka2 Qa5+ 51. Qa3 Qd2+ 52. Ka1 Qd4+ 53. Kb1 Qg1+ 54. Kb2 Rxg2+ 55.
Bc2 Qd4+ 56. Qc3 Qxc3+ 57. Kxc3 b4+ 58. Kb3 Rd2 59. Be4 Rd4 60. Rb7 Kd8 61. Rxb4 Rd2 62. Kc4 Rd4+ 63. Kb5 Rd2 64. Kc6 1-0

[Event "Late-Titled-Tuesday-Blitz-March-12-2024"]
[Site "Chess.com"]
[Date "2024.03.12"]
[Round "11"]
[White "ameetghasi100"]
[Black "NelsonLinda"]
[Result "1/2-1/2"]
[WhiteElo "2795"]
[BlackElo "2655"]
[TimeControl "180+1"]
[EndTime "16:05:06 PDT"]
[Termination "Game drawn by repetition"]

1. Nf3 c5 2. g3 b6 3. Bg2 Bb7 4. O-O Nf6 5. d3 g6 6. e4 d6 7.
Nh4 Qc7 8. Nc3 Bg7 9. f4 O-O 10.
g4 a6 11. a4 Nc6 12. g5 Nd7 13. Nd5 Qd8 14. c3 e6 15. Ne3 b5 16. Ng4 f5 17. gxf6 Nxf6 18. Nxf6+ Qxf6 19. axb5 axb5 20. Rxa8 Rxa8 21. Nf3 b4 22. Bd2 Qe7 23. Qb3 Na5 24. Qc2 b3 25. Qb1 d5 26. e5 Nc6 27. h4 d4 28. c4 Nd8 29. Qd1 Nf7 30. Qxb3 Nh6 31. Ng5 Bxg2 32. Kxg2 Nf5 33. Qb6 Re8 34. Rh1 h6 35.
Nf3 Bf8 36. Kf2 Rc8 37. h5 gxh5 38. Rxh5 Rc7 39. Rxf5 exf5 40. Qg6+ Qg7 41. Qxf5 Rb7 42. Bc1 Rf7 43. Qe4 Qg4 44. Qd5 Qf5 45. e6 Qxd5 46.
cxd5 Rf5 47. Ne5 Bd6 48. Nc4 Rxd5 49. Kf3 Be7 50. Ke4 Rh5 51. f5 Kg7 52. Bf4 Rh4 53.
Kf3 Rh3+ 54. Ke4 Bf6 55. Bd6 Rh4+ 56. Kd5 Rh5 57. Ke4 Rh4+ 58. Kd5 Rh5 59. Ke4 Rh4+ 1/2-1/2

[Event "Late-Titled-Tuesday-Blitz-March-12-2024"]
[Site "Chess.com"]
[Date "2024.03.12"]
[Round "11"]
[White "jinxy2009"]
[Black "ural58"]
[Result "1/2-1/2"]
[WhiteElo "2265"]
[BlackElo "2513"]
[TimeControl "180+1"]
[EndTime "16:05:09 PDT"]
[Termination "Game drawn by stalemate"]

1. e4 d5 2. exd5 Qxd5 3. Nc3 Qa5 4. d4 Nf6 5. Nf3 Nc6 6. d5 Nb4 7. Bc4 e6 8. dxe6 Bxe6 9. Bxe6 fxe6 10. O-O Bd6 11. Re1 O-O-O 12. Qe2 Rhe8 13. a3 Nbd5 14. Bd2 Qb6 15. b4 Bf4 16. Nxd5 exd5 17. Qd3 Bxd2 18.
Qxd2 Ne4 19. Qd4 Qxd4 20. Nxd4 a6 21. f3 Nc3 22. Kf2 b6 23. Nc6 Rxe1 24. Rxe1 Rd6 25. Nd4 c5 26. bxc5 bxc5 27. Nf5 Rd7 28. Re8+ Kc7 29. Ra8 Kb7 30. Rg8 g6 31. Ne3 Nb5 32. a4 Nd4 33. c3 Nc6 34. Nc2 Re7 35. h4 Kb6 36. g4 Ka5 37. Ra8 d4 38. cxd4 cxd4 39.
Ne1 Nb4 40. h5 Kxa4 41. h6 a5 42. Rg8 Nc6 43. Rg7 Kb5 44. Nd3 a4 45. f4 a3 46.
Nc1 Kc4 47. f5 gxf5 48. gxf5 Re5 49. f6 Rf5+ 50. Ke2 Rxf6 51. Rxh7 Re6+ 52. Kd2 Rg6 53. Rh8 Rg2+ 54. Kd1 Rh2 55. h7 Kc5 56. Ra8 Rxh7 57.
Rxa3 Rh2 58. Rg3 Kc4 59. Nd3 Nb4 60. Nxb4 Kxb4 61. Rf3 Kc4 62. Rh3 Rb2 63. Rg3 Ra2 64. Rh3 Rf2 65. Rg3 Rf5 66. Rh3 Rf4 67. Rg3 d3 68. Rg8 Kc3 69. Rc8+ Rc4 70. Rxc4+ Kxc4 71. Kd2 Kd4 72. Kd1 Ke3 73. Ke1 d2+ 74. Kd1 Kd3 1/2-1/2

[Event "Late-Titled-Tuesday-Blitz-March-12-2024"]
[Site "Chess.com"]
[Date "2024.03.12"]
[Round "11"]
[White "Igor_Lysyj"]
[Black "ExtremeLearner"]
[Result "1-0"]
[WhiteElo "2805"]
[BlackElo "2579"]
[TimeControl "180+1"]
[EndTime "16:05:10 PDT"]
[Termination "Igor_Lysyj won by resignation"]

1. d4 Nf6 2. c4 c5 3. d5 b5 4.
cxb5 a6 5. bxa6 g6 6. Nc3 Bxa6 7.
e4 Bxf1 8. Kxf1 d6 9. g3 Bg7 10.
Nf3 O-O 11. Kg2 Nbd7 12. a4 Qb6 13. Ra3 Rfb8 14. Re1 Ng4 15. Qe2 c4 16. Nb5 Nc5 17.
h3 Ne5 18. Nxe5 Bxe5 19. Qxc4 Nxa4 20. Nxd6 Nxb2 21. Bxb2 Rxa3 22. Bxa3 exd6 23. Bc1 Qd4 24. Qxd4 Bxd4 25. Re2 Rb1 26. Bf4 Bc5 27. e5 Rd1 28. exd6 Rxd5 29. Bh6 f5 30. Re8+ Kf7 31. Re7+ Kg8 32.
Rg7+ Kh8 33. Rc7 Kg8 34. d7 Be7 35. h4 Kf7 36. Bg5 Ke6 37. Bxe7 Kxe7 38. d8=Q+ Kxd8 39. Rxh7 Ke8 40. h5 gxh5 41. Rxh5 Kf7 42. Rh6 Rd3 43. f4 Ra3 44. Rb6 Ra1 45. Kh3 Rh1+ 46.
Kg2 Ra1 47. Rb2 Ra3 48. Kh3 Kg6 49. Kh4 Ra6 50. Rb8 Rc6 51. Rg8+ Kh6 52. Rg5 Rf6 53.
Kh3 Rf8 54. Kg2 Rf6 55. Kf3 Rf8 56. Ke3 Rf6 57. Kd4 Rg6 58. Rxg6+ Kxg6 59. Ke5 1-0

[Event "Late-Titled-Tuesday-Blitz-March-12-2024"]
[Site "Chess.com"]
[Date "2024.03.12"]
[Round "11"]
[White "MyDream003"]
[Black "Moultino06"]
[Result "1-0"]
[WhiteElo "2792"]
[BlackElo "2808"]
[TimeControl "180+1"]
[EndTime "16:05:13 PDT"]
[Termination "MyDream003 won by resignation"]

1. Nf3 f5 2. d3 d6 3. e4 e5 4. Nc3 Nc6 5. exf5 Nf6 6. Nh4 Nd4 7. g4 h5 8. g5 Ng8 9. Be2 Nxe2 10. Qxe2 Ne7 11.
Qf3 Qd7 12. f6 gxf6 13. gxf6 Nf5 14. Ng6 Nd4 15. f7+ Qxf7 16. Qxf7+ Kxf7 17. Nxh8+ Kg8 18. Ng6 Nxc2+ 19. Kd2 Nxa1 20. Nxf8 Bf5 21. b3 Rxf8 22. Bb2 Nxb3+ 23. axb3 Be6 24. Rg1+ Kh7 25. Ne4 Bxb3 26.
Ke3 Bd5 27. Ng5+ Kh6 28. d4 Rf5 29. h4 c6 30. dxe5 dxe5 31. Ra1 a6 32. Bc3 c5 33. Rd1 Bc6 34. Rd6+ Kg7 35. Re6 Kf8 36. Rxe5 Rxe5+ 37. Bxe5 Ke7 38. f4 Bd7 39. Ke4 Bc6+ 40. Kf5 b5 41. Kg6 Be8+ 42. Kg7 Bd7 43. Ne4 b4 44. Nxc5 Bf5 45.
Nxa6 b3 46. Nc5 Bc2 47. Kh6 Bd1 48. Kg5 Kf7 49. f5 Ke7 50. Bb2 Kf7 51. Ne4 Bc2 52. Ng3 Ke7 53. Nxh5 Kd6 54. f6 Ke6 55. Nf4+ Kf7 56. h5 Be4 57. h6 Bc2 58. Nh5 Be4 59. Nf4 Bc2 60. Ng2 Be4 61. Ne3 Bd3 62. Ng4 Bc2 63. Ne5+ Ke6 64. f7 1-0

[Event "Late-Titled-Tuesday-Blitz-March-12-2024"]
[Site "Chess.com"]
[Date "2024.03.12"]
[Round "11"]
[White "GoValya"]
[Black "katharinareinecke"]
[Result "1/2-1/2"]
[WhiteElo "2230"]
[BlackElo "1981"]
[TimeControl "180+1"]
[EndTime "16:05:14 PDT"]
[Termination "Game drawn - insufficient material"]

1. d4 d5 2. Nf3 Nf6 3. g3 e6 4.
Bg2 c5 5. c3 Nc6 6. O-O Be7 7.
dxc5 Bxc5 8. b4 Be7 9. Nbd2 O-O 10. Rb1 Bd7 11. Bb2 a6 12. a3 b5 13. Nb3 Rc8 14. Bc1 Ne4 15. Bd2 Bf6 16. Rc1 e5 17. h4 Be6 18. Nc5 Nxc5 19. bxc5 Na5 20. Bg5 Rxc5 21. Nxe5 Bxg5 22. hxg5 Qxg5 23. Nd3 Rc7 24.
Nf4 Rd8 25. Qd4 Nc4 26. Rfd1 Nb2 27. Qb6 Rcd7 28. Nxe6 fxe6 29. Qxe6+ Kh8 30. Re1 Re7 31. Qb6 Rxe2 32. Rxe2 Qxc1+ 33. Bf1 Rg8 34. Qe6 Nc4 35. Qxd5 Qxc3 36. Bg2 Qc1+ 37. Kh2 Qh6+ 38. Bh3 Qf6 39. Qe6 Qxe6 40. Rxe6 Nxa3 41. Rxa6 Nc4 42. Be6 Rd8 43. Ra7 h6 44. Rb7 Nd6 45. Rb6 Ne4 46.
Rxb5 Nxf2 47. Kg2 Ne4 48. Bf5 Nc3 49. Rb7 Rd2+ 50. Kh3 Rd8 51. Rd7 Rxd7 52. Bxd7 Nd5 53.
Bf5 Nf6 54. Bd3 Kg8 55. Kg2 Kf7 56. Kf3 Kg8 57. Bc4+ Kf8 58. Bd3 Ke7 59. Bc4 Kf8 60.
Bd3 Ke7 61. g4 Kd6 62. Bf5 Nxg4 63. Bxg4 Ke7 64. Kg3 Kf6 65. Bf3 g5 66. Kg4 Kg6 67. Be4+ Kg7 68. Kh5 Kf6 69. Bf3 Ke5 70. Bg4 Kf4 71.
Be2 Kg3 72. Bg4 Kf4 73. Be2 Ke5 74. Kg4 Kf6 75. Bd3 Kg7 76. Kh5 Kf6 77. Be2 Ke5 78.
Kxh6 Kf4 79. Kh5 Ke5 80. Bg4 Kd4 81. Kxg5 1/2-1/2

[Event "Late-Titled-Tuesday-Blitz-March-12-2024"]
[Site "Chess.com"]
[Date "2024.03.12"]
[Round "11"]
[White "WilsonPalencia21"]
[Black "RandomNoob04"]
[Result "1/2-1/2"]
[WhiteElo "2582"]
[BlackElo "2658"]
[TimeControl "180+1"]
[EndTime "16:05:17 PDT"]
[Termination "Game drawn - insufficient material"]

1. d4 Nf6 2. c4 c5 3. d5 b5 4. cxb5 a6 5. bxa6 g6 6. Nc3 Bg7 7. e4 O-O 8. e5 Ne8 9. h4 Bxe5 10. h5 Nxa6 11. Bh6 Ng7 12. Qd2 Qa5 13. Nf3 Bf6 14.
g4 Rb8 15. Rc1 Nb4 16. a3 Nxd5 17. Nxd5 Qxd2+ 18. Nxd2 Bxb2 19. Rb1 Re8 20. Bg2 Ne6 21. Nc4 Be5 22. Rxb8 Bxb8 23. Be3 Ba6 24. Bf1 Bb7 25. Bg2 Ba6 26. Ncb6 d6 27. Kd2 Nd4 28. Rb1 e6 29. Nf6+ Kf8 30. Nxe8 Kxe8 31. hxg6 hxg6 32. Bxd4 cxd4 33.
Bf1 Bxf1 34. Rxf1 Bc7 35. Nc4 d5 36. Nb2 Kd7 37. a4 e5 38. f3 Kd6 39. Rc1 Ba5+ 40. Kd3 f5 41. gxf5 gxf5 42. Nc4+ dxc4+ 43. Kxc4 Bb6 44. Rb1 Bc7 45. Rb5 Kc6 46. Rc5+ Kd6 47. Rb5 Kc6 48.
a5 e4 49. fxe4 fxe4 50. Rd5 d3 51. Rd4 Bxa5 52. Rxe4 d2 53. Rd4 Kc7 54. Rd5 Kc6 55. Rd3 Kc7 56. Kb3 Kc6 57. Kc4 Kc7 58. Kd4 Kc6 59.
Ke3 Kc5 60. Ke2 Kc4 61. Rd7 Bb4 62. Kd1 Kb3 63. Rd3+ Kc4 64. Rd7 Kb3 65. Rb7 Kc4 66. Kc2 Bc3 67. Rc7+ Kb4 68. Rb7+ Kc4 69. Rb8 Kd4 70. Rd8+ Kc4 71. Rc8+ Kb4 72. Rxc3 d1=Q+ 73. Kxd1 Kxc3 1/2-1/2

[Event "Late-Titled-Tuesday-Blitz-March-12-2024"]
[Site "Chess.com"]
[Date "2024.03.12"]
[Round "11"]
[White "Schattman"]
[Black "karinachess1"]
[Result "0-1"]
[WhiteElo "2477"]
[BlackElo "2612"]
[TimeControl "180+1"]
[EndTime "16:05:21 PDT"]
[Termination "karinachess1 won on time"]

1. f4 Nf6 2. Nf3 g6 3. d3 d5 4.
g3 Bg7 5. Bg2 O-O 6. O-O b6 7.
Ne5 Bb7 8. Nc3 Na6 9. e4 dxe4 10. dxe4 Qxd1 11. Rxd1 Nb4 12. Rd2 Rad8 13. Re2 Ba6 14. Rf2 Bb7 15. a3 Na6 16. Be3 Nb8 17. Rff1 Nc6 18.
Nxc6 Bxc6 19. e5 Ng4 20. Bxc6 Nxe3 21. Rf2 a6 22. Re2 Nf5 23. Be4 Nd4 24. Rf2 e6 25.
Rd1 c5 26. Kf1 f6 27. exf6 Bxf6 28. Bd3 a5 29. Ne4 Bg7 30. c3 Nf5 31. Re2 e5 32. Bc4+ Kh8 33. Rxd8 Rxd8 34. Kf2 exf4 35. gxf4 Rf8 36. Kf3 Bh6 37. Be6 Ng7 38. Bd5 Rxf4+ 39. Kg2 Nf5 40. Bb7 Rg4+ 41. Kh3 Rh4+ 42. Kg2 Bf4 43.
h3 Rh5 44. Nf6 Rg5+ 45. Kf3 Bg3 46. Ng4 Bd6 47. Re8+ Kg7 48. Rd8 Be7 49. Rd7 h5 50. Ne3 Rg3+ 51. Kf2 Rxe3 52. Bf3 Re5 53. b4 axb4 54.
axb4 cxb4 55. cxb4 Kf6 56. b5 Rxb5 57. Bc6 Rb2+ 58.
Kf3 b5 59. h4 b4 60. Be4 Rb3+ 61. Kf2 Rc3 62. Ke2 b3 63. Rb7 Re3+ 64. Kd2 Rxe4 65.
Rb6+ Re6 66. Rb7 Nxh4 67. Rb6 Rxb6 0-1

[Event "Late-Titled-Tuesday-Blitz-March-12-2024"]
[Site "Chess.com"]
[Date "2024.03.12"]
[Round "11"]
[White "Boundless_Strike"]
[Black "KetiTsatsalashvili"]
[Result "0-1"]
[WhiteElo "2592"]
[BlackElo "2480"]
[TimeControl "180+1"]
[EndTime "16:05:22 PDT"]
[Termination "KetiTsatsalashvili won by checkmate"]

1. d4 Nf6 2. f3 d5 3. e4 dxe4 4. Nc3 exf3 5. Nxf3 g6 6. Bc4 Bg7 7. h4 O-O 8. h5 Nxh5 9. Rxh5 gxh5 10. Qd3 h6 11.
Bxh6 e6 12. Ng5 f5 13. Bxg7 Kxg7 14. Qe3 Nc6 15. Ne2 Qf6 16. g3 e5 17. O-O-O Nxd4 18. Nxd4 exd4 19. Rxd4 Kg6 20. Nf3 Kg7 21. Kb1 b6 22. a3 Rb8 23. Rh4 Bb7 24. Rxh5 Bxf3 25. Qxf3 Rh8 26. Bd3 Rxh5 27. Qxh5 Rf8 28. Qf3 Qg5 29.
Qf2 Rf7 30. Qd4+ Qf6 31. Qf4 Qd6 32. Qg5+ Qg6 33. Qf4 Kf8 34. Qe5 Re7 35. Qh8+ Qg8 36. Qf6+ Qf7 37. Qh8+ Qg8 38. Qf6+ Rf7 39. Qd8+ Kg7 40.
Qg5+ Kh8 41. Qh6+ Rh7 42. Qf6+ Qg7 43. Qxf5 Rh1+ 44. Ka2 Qg8+ 45. c4 Kg7 46. g4 Rh6 47. g5 Rd6 48. Qe5+ Kf8 49. Qf5+ Qf7 50. Qc8+ Kg7 51.
g6 Qd7 52. Qa8 Rxd3 53. Qh1 Kxg6 54. Qe4+ Kf7 55. Qf4+ Ke7 56. Qg5+ Kd6 57. Qg6+ Kc5 58. b4+ Kxc4 59. Qe4+ Kc3 60. Qe5+ Qd4 61. Qxc7+ Qc4+ 62. Ka1 Qxc7 63. Kb1 Rd1+ 64. Ka2 Qc4# 0-1

[Event "Late-Titled-Tuesday-Blitz-March-12-2024"]
[Site "Chess.com"]
[Date "2024.03.12"]
[Round "11"]
[White "dropstoneDP"]
[Black "The_Machine04"]
[Result "1/2-1/2"]
[WhiteElo "2980"]
[BlackElo "2835"]
[TimeControl "180+1"]
[EndTime "16:05:23 PDT"]
[Termination "Game drawn - insufficient material"]

1. e4 d6 2. d4 Nf6 3. Nc3 e5 4. Nf3 Nbd7 5. h3 Be7 6. g4 h6 7.
Be3 c6 8. a4 Qc7 9. Bc4 Nf8 10.
g5 hxg5 11. Nxg5 Ne6 12. Nxe6 Bxe6 13. Bxe6 fxe6 14. dxe5 dxe5 15. a5 Bb4 16. a6 b5 17.
Kf1 Qf7 18. Qf3 O-O-O 19. Ne2 Kb8 20. Rg1 Rh7 21. Rg5 Bd6 22. Rd1 Qe7 23. Kg2 Bc7 24.
Rxd8+ Qxd8 25. Ng3 Qh8 26. Rg6 Rxh3 27. Bg5 Rh2+ 28.
Kg1 Bb6 29. Be3 Bc7 30. Rxg7 Qxg7 31. Kxh2 Ng4+ 32. Kh3 Nxe3 33. Qxe3 Bb6 34. Qf3 Kc7 35.
b4 Qe7 36. c3 c5 37. Nh5 cxb4 38.
cxb4 Bd4 39. Nf6 Qxb4 40. Qh5 Kb6 41. Qe8 Qd6 42. Qc8 Ka5 43. Nd7 b4 44. Nb8 Ka4 45.
Qb7 Qc5 46. Nc6 b3 47. f4 Ka3 48. fxe5 Bxe5 49. Nxe5 Qxe5 50. Qxa7 b2 51. Qb7 Qc3+ 52.
Kg4 Qb3 53. Qxb3+ Kxb3 54. a7 b1=Q 55. a8=Q Qg1+ 56. Kh5 Qg3 57. Qc6 e5 58. Kh6 Kb4 59. Kh5 Kb3 60. Kh6 Kb4 61. Qg6 Qh4+ 62. Kg7 Kc4 63.
Qe6+ Kd4 64. Qd5+ Ke3 65. Qxe5 Qxe4 66. Qxe4+ Kxe4 1/2-1/2

[Event "Late-Titled-Tuesday-Blitz-March-12-2024"]
[Site "Chess.com"]
[Date "2024.03.12"]
[Round "11"]
[White "finec2"]
[Black "wild3000"]
[Result "0-1"]
[WhiteElo "2211"]
[BlackElo "2393"]
[TimeControl "180+1"]
[EndTime "16:05:27 PDT"]
[Termination "wild3000 won on time"]

1. e4 a5 2. d4 h5 3. Bc4 e6 4.
Nc3 c6 5. Nf3 b5 6. Bd3 b4 7.
Ne2 h4 8. h3 d5 9. e5 c5 10. c3 Nc6 11. Be3 c4 12. Bc2 Bd7 13. O-O a4 14. Bxa4 Rxa4 15. Qxa4 Nxe5 16. Qd1 Nxf3+ 17.
gxf3 Nh6 18. Bf4 Nf5 19. Kh1 Qa5 20. Qd2 Be7 21. Rg1 g6 22. Bg5 f6 23. Bf4 g5 24.
Bh2 Kf7 25. f4 Nd6 26. f3 Nf5 27. fxg5 fxg5 28. f4 Rg8 29. fxg5 Rg6 30. Be5 bxc3 31. bxc3 Qd8 32. Bf4 Bd6 33. Rab1 Qc7 34. Rg4 Ng3+ 35.
Nxg3 hxg3 36. Bxd6 Qxd6 37. Rb7 Ke7 38. Qf4 Qxf4 39. Rxf4 Rxg5 40. Kg2 Kd6 41. Rf3 Bc6 42. Rb6 e5 43. Rxg3 Rxg3+ 44. Kxg3 exd4 45. cxd4 Kc7 46. Rb1 Be8 47. Rc1 Kb6 48. Rc3 Kb5 49.
a3 Kc6 50. Kf4 Kd6 51. Kf5 Bd7+ 52. Kf6 Be8 53. h4 Bh5 54. Kg5 Bf3 55. h5 Ke6 56. h6 Be4 57. a4 Kd6 58. a5 Kc6 59. Kf6 Kb5 60. a6 Kxa6 61. Re3 Bb1 62. Kg7 Kb5 63. h7 Bxh7 64. Kxh7 Kb4 65. Kg6 c3 0-1

[Event "Late-Titled-Tuesday-Blitz-March-12-2024"]
[Site "Chess.com"]
[Date "2024.03.12"]
[Round "11"]
[White "Polish_fighter3000"]
[Black "Anton_Demchenko"]
[Result "1-0"]
[WhiteElo "3135"]
[BlackElo "2972"]
[TimeControl "180+1"]
[EndTime "16:05:29 PDT"]
[Termination "Polish_fighter3000 won by resignation"]

1. b3 g6 2. Bb2 Nf6 3. g3 Bg7 4.
Bg2 d6 5. d4 O-O 6. Nf3 Nbd7 7.
c4 e5 8. dxe5 dxe5 9. O-O e4 10.
Ne1 Re8 11. Nc3 c6 12. Nc2 Qe7 13. Qd2 h5 14. Rad1 h4 15. Qd6 Qxd6 16. Rxd6 hxg3 17. hxg3 Ng4 18. Nd4 Be5 19. Nxe4 Nc5 20. Nxc6 Nxe4 21. Bxe5 Nxd6 22. Bxd6 bxc6 23. Bxc6 Be6 24. Rd1 Rad8 25. Bxe8 Rxe8 26. e4 f6 27. f3 Ne5 28. Bxe5 fxe5 29. Rd6 Kf7 30. Kf2 Re7 31. f4 exf4 32. gxf4 Rd7 33. Ra6 Bg4 34. Kg3 Bd1 35. Kh4 Bc2 36. e5 Bf5 37. Kg5 Rd2 38. Rxa7+ Ke6 39. c5 Rg2+ 40. Kh6 Kd5 41. b4 Rg4 42. a4 Rxf4 43. Rb7 Rh4+ 44. Kg5 Rg4+ 45. Kf6 Rg1 46. a5 Rf1 47.
Rb6 Bd3+ 48. Ke7 Kxe5 49. a6 Ra1 50. b5 g5 51. c6 Rh1 52. c7 Rh7+ 53. Kd8 Rh8+ 54.
Kd7 Bf5+ 55. Kc6 g4 56. Rb8 Rh6+ 57. Kc5 g3 58. c8=Q Bxc8 59. Rxc8 Rg6 60. Re8+ Kf4 61. Re1 Rg5+ 62. Kb4 g2 63. a7 Rg8 64. Rg1 Kf3 65. b6 Kf2 66. Rxg2+ Rxg2 67. a8=Q Rg1 68. Qe4 Rd1 69. Qf4+ Ke1 70. Qe3+ Kf1 71. Qf3+ Ke1 72.
Qxd1+ Kxd1 73. b7 Ke2 74. b8=Q Kd3 75. Qg3+ Ke4 76. Qb3 Kf5 77. Qe3 Kf6 78. Qe4 Kg5 79.
Qf3 1-0

[Event "Late-Titled-Tuesday-Blitz-March-12-2024"]
[Site "Chess.com"]
[Date "2024.03.12"]
[Round "11"]
[White "Goryachkina"]
[Black "N_Mullodzhanov"]
[Result "1-0"]
[WhiteElo "2660"]
[BlackElo "2528"]
[TimeControl "180+1"]
[EndTime "16:05:31 PDT"]
[Termination "Goryachkina won by checkmate"]

1. e4 c6 2. Nf3 d5 3. Nc3 Bg4 4.
h3 Bxf3 5. Qxf3 e6 6. d4 dxe4 7. Qxe4 Nf6 8. Qd3 Nbd7 9. Be2 Bb4 10. O-O O-O 11. a3 Bd6 12. Ne4 Nxe4 13. Qxe4 Nf6 14. Qf3 Qa5 15. c3 e5 16. dxe5 Qxe5 17.
g3 Rfe8 18. Bd3 Rad8 19. Kg2 h5 20. Bf4 Qd5 21. Qxd5 Nxd5 22. Bg5 f6 23. Bd2 Kf7 24. Rad1 h4 25. c4 Nb6 26. gxh4 Bxa3 27. Ba5 Bxb2 28.
c5 Rd5 29. Bxb6 axb6 30. Bc4 bxc5 31. Bxd5+ cxd5 32. Rxd5 Bd4 33. Rb1 Ke6 34. Rh5 Re7 35. Rh7 Kf7 36. Rh8 Be5 37. Rc8 Bd6 38. Rb6 Rd7 39.
h5 Ke6 40. Kf3 Kd5 41. Ke3 Bc7 42. Rb5 Kc6 43. Rb1 b5 44. Rg8 Re7+ 45. Kf3 c4 46.
Rg1 c3 47. R8xg7 Rxg7 48. Rxg7 c2 49. Rg1 b4 50. h6 Be5 51. Ke4 b3 52. h7 Bc3 53.
Kf5 b2 54. h8=Q b1=Q 55. Qc8+ Kd5 56. Qe6+ Kc5 57. Qc8+ Kb6 58. Qb8+ Kc5 59. Rxb1 cxb1=Q+ 60. Qxb1 Bb4 61. Qc2+ Bc3 62. Qxc3+ Kd5 63. Qxf6 Kc4 64. Qd6 Kc3 65. h4 Kc2 66. h5 Kc3 67. h6 Kb3 68. h7 Kc4 69. h8=Q Kb5 70. Qhb8+ Kc4 71.
Qbc7+ Kb5 72. Qdb6+ Ka4 73. Qca7# 1-0

[Event "Late-Titled-Tuesday-Blitz-March-12-2024"]
[Site "Chess.com"]
[Date "2024.03.12"]
[Round "11"]
[White "Fjal"]
[Black "DeArron_Fox"]
[Result "1-0"]
[WhiteElo "2345"]
[BlackElo "2514"]
[TimeControl "180+1"]
[EndTime "16:05:37 PDT"]
[Termination "Fjal won by resignation"]

1. Nf3 d5 2. g3 Nf6 3. Bg2 e6 4. O-O Be7 5. d3 O-O 6. Nbd2 c5 7. e4 Nc6 8. Re1 Qc7 9. e5 Nd7 10. Qe2 b5 11. h4 a5 12. Nf1 Ba6 13. Bf4 Rfc8 14. N1h2 h6 15. Ng4 Bf8 16. Qd2 Kh7 17. c3 b4 18. Bf1 a4 19. c4 b3 20. cxd5 Nb4 21. dxe6 fxe6 22. axb3 axb3 23. Rxa6 Rxa6 24. d4 c4 25. Rc1 Nb6 26. Qe3 Qb7 27. Bg2 Qf7 28.
Nd2 Kh8 29. Be4 N6d5 30. Bxd5 Nxd5 31. Qe4 c3 32. Nxb3 cxb2 33. Rxc8 Ra1+ 34. Rc1 Nxf4 35. Rxa1 bxa1=Q+ 36. Nxa1 Nd5 37. Nb3 Qb7 38. Nd2 Qb2 39.
Qd3 Qc1+ 40. Nf1 Bb4 41. Qf3 Bc3 42. Qf8+ Kh7 43. Qf7 Bxd4 44. Qxe6 Nc3 45. Qf5+ Kg8 46. Qc8+ Kh7 47. Qf5+ Kg8 48. Qe6+ Kh8 49. h5 Ne2+ 50. Kg2 Nc3 51. Qe8+ Kh7 52. Qg6+ Kh8 53. e6 Nd5 54. e7 Nxe7 55. Qe8+ Ng8 56. Qd8 Qc6+ 57. Kg1 Bb6 58. Ne5 Qc5 59. Ng6+ Kh7 60. Qd2 Qg5 61. Qd3 Nf6 62.
Nf4+ Kg8 63. Qb3+ Kh8 64. Qxb6 Nxh5 65. Nxh5 Qxh5 66. Qd8+ Kh7 67. Qd3+ Kh8 68. Qd8+ Kh7 69. Qh4 Qf3 70. Qf4 Qxf4 71. gxf4 Kg6 72. Kg2 Kf5 73. Kf3 g6 74. Ne3+ Kf6 75. Ke4 h5 76. Kf3 g5 77. f5 Ke5 78. Kg3 Ke4 79. f6 1-0